 Dungeon Crawl Stone Soup version 0.31.0-32-g396128a36d (webtiles) character file.

Game seed: 2043270878643335843

8623 firemarshallily the Thaumaturge (level 11, -5/115 HPs)
             Began as an Oni Summoner on Apr 10, 2024.
             Was a Priest of Sif Muna.
             Slain by a warg (14 damage)
             ... on level 11 of the Dungeon.
             The game lasted 00:35:56 (11849 turns).

firemarshallily the Thaumaturge (Oni Summoner)     Turns: 11849, Time: 00:35:56

Health: -5/115     AC:  4    Str: 14    XL:     11   Next: 33%
Magic:  21/26      EV:  9    Int: 20    God:    Sif Muna [***...]
Gold:   250        SH:  0    Dex: 11    Spells: 19/32 levels left

rFire   + . .        A - +7 spear of Extinguishment {venom, rPois rC+ Dex+2 SInv}
rCold   + . .        (no shield)
rNeg    . . .        T - +0 troll leather armour
rPois   +            (helmet restricted)
rElec   .            (no cloak)
rCorr   +            (gloves unavailable)
SInv    +            (boots unavailable)
Will    +....        j - amulet of magic regeneration
Stlth   +            h - ring of resist corrosion
HPRegen 1.19/turn    o - ring of protection from fire
MPRegen 0.60/turn

%: no passive effects
@: unable to call your familiar
A: large, unfitting armour, horns 1, tough skin 1, double potion healing,
drunken brawling
a: Renounce Religion, Channel Magic, Forget Spell


You were on level 11 of the Dungeon.
You worshipped Sif Muna.
Sif Muna was most pleased with you.
You visited 2 branches of the dungeon, and saw 12 of its levels.
You also visited: Sewer.

You collected 580 gold pieces.
You spent 330 gold pieces at shops.

Inventory:

Hand Weapons
 A - the +7 spear of Extinguishment (weapon) {venom, rPois rC+ Dex+2 SInv}
   (You found it on level 4 of the Dungeon)

   Dex+2:     It affects your dexterity (+2).
   rC+:       It protects you from cold.
   rPois:     It protects you from poison SInv: It lets you see invisible.
Missiles
 q - 3 curare-tipped darts
 w - 39 poisoned darts
 z - 4 throwing nets
 M - 3 atropa-tipped darts
 S - 2 datura-tipped darts
Armour
 a - a +0 robe
 T - a +0 troll leather armour (worn)
Jewellery
 h - a ring of resist corrosion (left hand)
 j - an amulet of magic regeneration (around neck)
 o - a ring of protection from fire (right hand)
 C - an amulet of regeneration
 E - a ring of see invisible
 H - an amulet of reflection
 I - a ring of positive energy
Wands
 n - a wand of digging (5)
 K - a wand of iceblast (13)
 L - a wand of light (17)
 R - a wand of flame (19)
 U - a wand of polymorph (5)
Scrolls
 d - 2 scrolls of torment
 f - 3 scrolls of immolation
 i - 2 scrolls of fear
 m - 2 scrolls of vulnerability
 p - 3 scrolls of poison
 v - a scroll of fog {unknown}
 y - 4 scrolls of teleportation
 B - a scroll of noise {unknown}
 F - 2 scrolls of silence {unknown}
 G - a scroll of brand weapon
 J - 3 scrolls of amnesia
 N - 3 scrolls of enchant weapon
 O - a scroll of butterflies {unknown}
 V - a scroll of revelation {unknown}
Potions
 b - 3 potions of magic
 c - 2 potions of cancellation
 e - 2 potions of berserk rage
 g - 3 potions of mutation
 k - 2 potions of brilliance {unknown}
 l - 2 potions of might {unknown}
 r - 2 potions of haste {unknown}
 s - 2 potions of experience {unknown}
 t - a potion of resistance {unknown}
 u - 4 potions of heal wounds
 x - a potion of attraction {unknown}
 D - a potion of lignification {unknown}
 Q - 2 potions of curing
 W - a potion of invisibility {unknown}


   Skills:
 + Level 9.1 Fighting
 + Level 6.6 Polearms
 - Level 1.7 Dodging
 - Level 1.4 Stealth
 * Level 11.4 Spellcasting
 * Level 10.1 Summonings


You had 19 spell levels left.
You knew the following spells:

 Your Spells              Type           Power      Damage    Failure   Level
a - Summon Small Mammal   Summ           100%       N/A       1%          1
b - Call Imp              Summ           100%       N/A       1%          2
c - Call Canine Familiar  Summ           51%        N/A       1%          3
d - Summon Lightning Spi  Summ/Air       31%        N/A       10%         4
e - Summon Ice Beast      Ice/Summ       31%        N/A       2%          3

Your spell library contained the following spells:

 Spells                   Type           Power      Damage    Failure   Level
 Summon Blazeheart Golem  Fire/Summ      31%        N/A       10%         4
 Mercury Vapours          Alch/Air       22%        N/A       12%         2
 Frozen Ramparts          Ice            22%        1d4       22%         3
 Hailstorm                Conj/Ice       11%        3d6       22%         3
 Mephitic Cloud           Conj/Alch/Air  11%        N/A       22%         3
 Leda's Liquefaction      Alch/Erth      5%         N/A       58%         4
 Petrify                  Alch/Erth      11%        N/A       58%         4
 Freezing Cloud           Conj/Ice/Air   5%         6-21      91%         5
 Metabolic Englaciation   Hex/Ice        5%         N/A       91%         5
 Sculpt Simulacrum        Ice/Alch       5%         N/A       100%        6


Dungeon Overview and Level Annotations

Branches:
Dungeon (11/15)            Temple (1/1) D:5            Lair (0/5) D:11
    Orc (0/2) D:11          Sewer (visited)

Altars:
Ashenzari
Cheibriados
Dithmenos
Elyvilon
Fedhas
Gozag
Hepliaklqana
Kikubaaqudgha
Makhleb
Nemelex Xobeh
Okawaru
Qazlal
Ru
Sif Muna
Trog
Uskayaw
Vehumet
Wu Jian
Xom
Yredelemnul
Zin
The Shining One

Shops:
D:3 [   D:5 [   D:7 !


Innate Abilities, Weirdness & Mutations

You are too large for most types of armour.
You have a pair of small horns on your head.
You have tough skin. (AC +1)
You gain doubled healing and magic from potions.
Whenever you drink a healing potion, you attack all around you.


Message History

Your inugami hits the warg but does no damage.
You hit the orc priest.
The orc priest looks as sick as possible!
You headbutt the orc priest.
The orc priest is severely wounded.
The warg bites your inugami.
The orc priest invokes the aid of Beogh against you.
Beogh smites you!
You puncture the orc priest!
You kill the orc priest!
Sif Muna accepts your kill.
Your inugami hits the warg.
Your lightning spire shoots out a bolt of lightning at the cyclops!
The bolt of electricity hits the cyclops!
The warg bites your inugami!
Your inugami dies!
Your inugami disappears in a puff of smoke!
The warg howls!
Unknown command.
Casting: Summon Lightning Spire (dangerous; 10% risk of failure)
Confirm with . or Enter, or press ? or * to list all spells.
A chill wind blows around you. The warg bites you!
Your lightning spire shoots out a bolt of lightning at the cyclops!
The bolt of electricity hits the cyclops!
The warg bites you!!
* * * LOW HITPOINT WARNING * * *
The cyclops hits your lightning spire but does no damage.
Casting: Summon Ice Beast (mildly dangerous; 2% risk of failure)
Confirm with . or Enter, or press ? or * to list all spells.
Your lightning spire shoots out a bolt of lightning at the cyclops!
The bolt of electricity hits the cyclops.
The warg bites you!!
* * * LOW HITPOINT WARNING * * *
Unknown command.
You swap places.
Your lightning spire shoots out a bolt of lightning at the cyclops!
The bolt of electricity hits the cyclops!
The cyclops hits your lightning spire but does no damage.
Your quokka barely misses the warg.
The warg bites you!
You die...

## #.#.###.## .##
#..[.....#
..#####......#
...####..>...###
...'...........###
...####.....####>####
..##
##.####.......####
.## ###.............#
## ##....#...@Y..#..
# ##....###.rh..##
#..8..###)8)8.#
##..)...#8C./...# #
#..#'#..#..#'#..#
#####.##.##.#.##.##.#
†.†<#.#...#.#. ... .#
#†###.#...#.#. ... .#
#.# #.##.##.#.##.##


You could see a cyclops (distracted, ally target), a warg (ally target), a
friendly lightning spire (summoned), a friendly ice beast (summoned) and a
friendly quokka (summoned).

Vanquished Creatures
  A gargoyle (D:11)
  A troll (D:9)
  A wraith (D:10)
  Eustachio (D:6)
  A vampire (D:11)
  A wyvern (D:8)
  6 yaks
  A steam dragon (D:10)
  Menkaure (D:7)
  A water moccasin (D:9)
  6 orc warriors
  A black bear (D:7)
  A sky beast (D:7)
  An ogre (D:3)
  A centaur (D:9)
  A phantom (D:5)
  4 kobold brigands
  A gnoll sergeant (D:6)
  A bullfrog (D:7)
  4 scorpions
  2 killer bees (D:9)
  2 howler monkeys (D:11)
  A jelly (D:5)
  A bombardier beetle (D:5)
  3 orc priests
  A gnoll bouda (D:5)
  A hound (D:5)
  2 iguanas
  5 orc wizards
  8 gnolls
  An adder (D:6)
  2 white imps
  3 ufetubi (D:5)
  A dart slug (D:2)
  A ribbon worm (D:2)
  17 orcs
  An endoplasm (D:4)
  6 giant cockroaches
  3 goblins
  4 hobgoblins
  A jackal (D:2)
  8 ball pythons
  5 bats
  2 frilled lizards
  10 kobolds
  4 rats
131 creatures vanquished.

Vanquished Creatures (collateral kills)
  A troll (D:10)
  A hornet (D:9)
  7 yaks
  A wyvern (D:7)
  A wraith (D:8)
  A warg (D:11)
  3 orc warriors
  2 ice beasts
  2 black bears
  2 centaurs
  A kobold brigand (D:8)
  2 bullfrogs
  A gnoll sergeant (D:6)
  4 wights (D:9)
  5 killer bees
  2 howler monkeys
  A bombardier beetle (D:5)
  3 jellies
  A gnoll bouda (D:4)
  4 orc priests
  2 hounds
  A sleepcap (D:4)
  An orc wizard (D:7)
  11 gnolls
  An adder (D:3)
  A river rat (D:3)
  2 white imps
  An ufetubus (D:5)
  2 dart slugs (D:3)
  22 orcs
  4 bats
  2 endoplasms
  4 giant cockroaches
  6 goblins
  4 hobgoblins
  4 jackals
  15 kobolds
  2 quokkas (D:2)
  4 ball pythons (D:1)
  2 frilled lizards
  6 rats
142 creatures vanquished.

Grand Total: 273 creatures vanquished

Notes
Turn   | Place    | Note
-------+----------+-------------------------------------------
     0 | D:1      | firemarshallily the Oni Summoner began the quest for the
                  | Orb.
     0 | D:1      | Reached XP level 1. HP: 16/16 MP: 3/3
   126 | D:1      | Reached XP level 2. HP: 3/26 MP: 2/5
   328 | D:1      | Reached skill level 1 in Fighting
   360 | D:1      | Reached skill level 3 in Spellcasting
   538 | D:1      | Reached XP level 3. HP: 33/33 MP: 4/7
   619 | D:1      | Found a faded altar of an unknown god.
  1119 | D:2      | Reached XP level 4. HP: 6/42 MP: 4/9
  2026 | D:2      | Found an opulent altar of Gozag.
  2314 | D:3      | Noticed a centaur
  2322 | D:3      | Killed a centaur
  2323 | D:3      | Reached skill level 4 in Spellcasting
  2323 | D:3      | Reached XP level 5. HP: 26/50 MP: 9/11
  2428 | D:3      | Found Uheenwoe's Antique Armour Shop.
  2522 | D:3      | Noticed an ogre
  2538 | D:3      | Killed an ogre
  2539 | D:3      | Reached skill level 1 in Polearms
  2539 | D:3      | Reached XP level 6. HP: 34/61 MP: 11/13
  2569 | D:3      | Learned a level 2 spell: Call Imp
  2664 | D:3      | Reached skill level 5 in Summonings
  2673 | D:3      | Found a glowing drain.
  2680 | Sewer    | Entered a sewer
  2872 | Sewer    | Reached skill level 5 in Spellcasting
  3042 | Sewer    | Reached XP level 7. HP: 65/67 MP: 14/14
  3262 | D:3      | Learned a level 3 spell: Call Canine Familiar
  3570 | D:4      | Identified the +7 spear of Extinguishment {venom, rPois rC+
                  | Dex+2 SInv}
  4072 | D:5      | Entered Level 5 of the Dungeon
  4129 | D:5      | Reached skill level 6 in Spellcasting
  4222 | D:5      | Reached XP level 8. HP: 79/79 MP: 14/17
  4230 | D:5      | Learned a level 4 spell: Summon Lightning Spire
  4284 | D:5      | Found a staircase to the Ecumenical Temple.
  4438 | Temple   | Entered the Ecumenical Temple
  4461 | Temple   | Became a worshipper of Sif Muna the Loreminder
  4785 | D:5      | Reached skill level 5 in Fighting
  4830 | D:5      | Reached skill level 7 in Spellcasting
  5024 | D:5      | Found Ahuderph's Armour Boutique.
  5206 | D:6      | Identified the +5 great mace of Lapny {freeze, rPois rCorr
                  | Stlth+}
  5212 | D:6      | Noticed Eustachio
  5223 | D:6      | Killed Eustachio
  5284 | D:6      | Reached XP level 9. HP: 88/88 MP: 13/20
  5438 | D:6      | Reached * piety under Sif Muna
  5772 | D:6      | Reached skill level 8 in Spellcasting
  5979 | D:6      | Identified the +4 war axe "Socw" {freeze, rN+ Dex+4}
  6180 | D:6      | Found a radiant altar of Vehumet.
  6180 | D:6      | Found a bloodstained altar of Trog.
  6240 | D:7      | Found Pimmopn's Distillery.
  6378 | D:7      | Bought a potion of curing for 33 gold pieces
  6378 | D:7      | Bought a potion of berserk rage for 55 gold pieces
  6378 | D:7      | Bought a potion of degeneration for 11 gold pieces
  6378 | D:7      | Bought a potion of cancellation for 88 gold pieces
  6378 | D:7      | Bought a potion of mutation for 88 gold pieces
  6378 | D:7      | Bought a potion of heal wounds for 55 gold pieces
  6660 | D:7      | Noticed Menkaure
  6708 | D:7      | Killed Menkaure
  7210 | D:7      | Reached skill level 9 in Spellcasting
  7693 | D:8      | Reached ** piety under Sif Muna
  7968 | D:8      | Reached skill level 5 in Polearms
  7968 | D:8      | Reached XP level 10. HP: 102/102 MP: 23/23
  8464 | D:9      | Paralysed by a hornet for 3 turns
  9257 | D:9      | Reached skill level 10 in Spellcasting
  9495 | D:9      | Identified the staff of Floods {Will- MP+9 Dex+2 Conj}
  9949 | D:10     | Entered Level 10 of the Dungeon
 10654 | D:10     | Learned a level 3 spell: Summon Ice Beast
 10772 | D:10     | Reached XP level 11. HP: 89/113 MP: 25/25
 10793 | D:10     | Reached skill level 11 in Spellcasting
 11478 | D:11     | Found a staircase to the Lair.
 11615 | D:11     | Reached skill level 10 in Summonings
 11764 | D:11     | Reached *** piety under Sif Muna
 11817 | D:11     | Found a staircase to the Orcish Mines.
 11834 | D:11     | Noticed a cyclops
 11849 | D:11     | Slain by a warg

Illustrated notes

Levels and vault maps discovered:
D:1:      tarquinn_simple_flora_water_b, layout_loops_ring,
          hellmonk_ecumenical_altar_heavens_door, minmay_hexomino_f4
D:2:      layout_loops_corners, basic_altar, kennysheep_generic_room_4
D:3:      layout_rooms, serial_shops, nicolae_shop_hallway_plus,
          portal_sewer_entry_e, minmay_misc_feat_tiny, grunt_ministairs_5
D:4:      layout_rooms
D:5:      layout_gridville, minmay_temple_entry_tees, serial_shops,
          nicolae_shop_just_a_little_nook
D:6:      minmay_general_purpose_star, layout_cave_pools,
          gammafunk_temple_overflow_wave, minmay_misc_feat_nine_boxes,
          uniq_eustachio
D:7:      layout_layer_cave, serial_shops, nicolae_shop_industrial_runoff,
          uniq_menkaure
D:8:      layout_basic
D:9:      layout_roguey
D:10:     layout_cave_pools, special_room [special_room_orc]
D:11:     layout_loops_corners, lair_entry_dummy, david_orc_1_choice
Temple:   mainiacjoe_temple_big_plus

Skill      XL: |  1  2  3  4  5  6  7  8  9 10 11 |
---------------+----------------------------------+-----
Fighting       | 1 2 3 4 5 7 8 9 |  9.1
Spellcasting   | 3 4 5 6 7 9 10 11 | 11.4
Summonings     | 4 5 6 7 8 9 10 | 10.1
Polearms       | 1 2 3 5 6 |  6.6
Dodging        | |  1.7
Stealth        | |  1.4

Action                     |  1- 3 |  4- 6 |  7- 9 | 10-12 || total
---------------------------+-------+-------+-------+-------++-------
  Melee: Unarmed           |    10 |       |       |       ||    10
         Headbutt          |     7 |    16 |    21 |    34 ||    78
         Dagger            |    15 |       |       |       ||    15
         Spear             |    26 |   144 |   173 |   164 ||   507
         Punch             |       |     1 |     2 |       ||     3
   Cast: Summon Small Mamm |    38 |    61 |    88 |    31 ||   218
         Call Imp          |       |     6 |    50 |    23 ||    79
         Call Canine Famil |       |       |    36 |    18 ||    54
         Summon Lightning  |       |       |     2 |     6 ||     8
         Summon Ice Beast  |       |       |       |     9 ||     9
    Use: Potion            |     1 |       |       |     1 ||     2
         Scroll            |       |     6 |     3 |     3 ||    12
   Stab: Sleeping          |     1 |     1 |       |       ||     2
         Distracted        |       |     1 |       |     2 ||     3
 Armour: Robe              |    48 |    84 |   111 |    81 ||   324
         Troll leather arm |       |       |       |    40 ||    40
  Dodge: Dodged            |    31 |    77 |    74 |    74 ||   256
